 Dungeon Crawl Stone Soup version 0.19-a0-1320-g0178847 (webtiles) character file.

27295 4thArraOfDagon the Martial Artist (level 11, -2/101 HPs)
             Began as a Troll Ice Elementalist on Aug 31, 2016.
             Was an Elder of Jiyva.
             Slain by a deep troll shaman (8 damage)
             ... on level 6 of the Lair of Beasts.
             The game lasted 00:27:06 (4493 turns).

4thArraOfDagon the Martial Artist (TrIE)            Turns: 4493, Time: 00:27:07

Health: -2/101     AC: 12    Str: 15    XL:     11   Next: 86%
Magic:  15/15      EV: 11    Int: 16    God:    Jiyva [****..]
Gold:   296        SH:  0    Dex: 12    Spells: 3 memorised, 3 levels left

rFire  . . .     SeeInvis .       - Unarmed
rCold  . . .     Gourm    +     x - +2 robe {MR+}
rNeg   . . .     Faith    +     (no shield)
rPois  .         Spirit   .     A - +1 hat
rElec  .         Dismiss  .     (no cloak)
rCorr  +         Reflect  .     (gloves unavailable)
MR     +....     Harm     .     (boots unavailable)
Stlth  +++....... Rnd*Tele +    s - amulet of faith
                                D - ring "Xorol Duaxzu" {*Tele +Inv Slay+4}
                                Z - ring "Nenwoof" {Wiz Slay+3 Stlth+}

@: no status effects
A: unfitting armour, claws 3, molten scales 1, rough black scales 1, fast
metabolism 3, gourmand, regeneration 1, screaming 1, shaggy fur 1, strong 1,
tough skin 2, eyeballs 1, jelly sensing items
a: Request Jelly, Jelly Paralyse, Slimify, Renounce Religion, Evoke Invisibility
}: 1/15 runes: slimy


You were on level 6 of the Lair of Beasts.
You worshipped Jiyva.
Jiyva was greatly pleased with you.
You were very full.

You visited 4 branches of the dungeon, and saw 21 of its levels.
You also visited: Labyrinth.

You collected 464 gold pieces.
You spent 168 gold pieces at shops.

Inventory:

Armour
 x - a +2 robe of magic resistance (worn)
 A - a +1 hat (worn)
 F - a +2 cloak of invisibility
Magical Staves
 G - an uncursed staff of summoning {unknown}
 H - an uncursed staff of fire {unknown}
Jewellery
 k - a +1 ring of slaying
 o - an uncursed ring of ice
 s - an amulet of faith (around neck)
 v - a +2 ring of strength
 D - the ring "Xorol Duaxzu" (right claw) {*Tele +Inv Slay+4}
   (You found it in a labyrinth)

   [ring of teleportation]

   It may teleport you next to monsters.
   It affects your accuracy and damage with ranged weapons and melee attacks
   (+4).
   It lets you turn invisible.
 U - an uncursed ring of protection from cold
 V - an uncursed ring of fire
 Y - the ring "Dylotaeg" {Fire +Inv rElec MR+ Int-4}
   (You found it on level 5 of the Pits of Slime)

   [ring of fire]

   It enhances your fire magic.
   It affects your intelligence (-4).
   It protects you from fire.
   It makes you vulnerable to cold.
   It insulates you from electricity.
   It affects your resistance to hostile enchantments.
   It lets you turn invisible.
 Z - a ring "Nenwoof" (left claw) {Wiz Slay+3 Stlth+}
   (You found it on level 5 of the Pits of Slime)

   [ring of wizardry]

   It improves your spell success rate.
   It affects your accuracy and damage with ranged weapons and melee attacks
   (+3).
   It makes you more stealthy.
Wands
 a - a wand of lightning (6/15)
 E - a wand of heal wounds (3/9)
 J - a wand of slowing (14/48)
 N - a wand of flame (19/48)
 R - a wand of confusion (33/48)
 S - a wand of random effects (26/48)
Scrolls
 e - a scroll of noise {unknown}
 f - 6 scrolls of identify
 g - 2 scrolls of remove curse
 i - a scroll of enchant weapon {unknown}
 m - 2 scrolls of blinking {unknown}
 n - 4 scrolls of teleportation
 p - 2 scrolls of magic mapping
 q - a scroll of enchant armour {unknown}
 y - 4 scrolls of fog
 K - a scroll of summoning {unknown}
 L - a scroll of random uselessness {unknown}
 X - a scroll of fear {unknown}
Potions
 d - 3 potions of brilliance {unknown}
 h - 3 potions of degeneration {unknown}
 l - 5 potions of curing
 r - a potion of berserk rage {unknown}
 t - a potion of heal wounds {unknown}
 u - a potion of experience {unknown}
 w - a potion of agility {unknown}
 z - a potion of might {unknown}
 C - a potion of cancellation
 M - a potion of lignification
 O - 3 potions of mutation {unknown}
 P - a potion of magic {unknown}
 Q - a potion of flight {unknown}
Books
 b - a book of Frost

   Spells                             Type                      Level
   a - Freeze                         Ice                          1
   b - Throw Frost                    Conjuration/Ice              2
   c - Ozocubu's Armour               Charms/Ice                   3
   d - Throw Icicle                   Conjuration/Ice              4
   e - Summon Ice Beast               Ice/Summoning                4
 B - a book of the Dragon

   Spells                             Type                      Level
   a - Flame Tongue                   Conjuration/Fire             1
   b - Cause Fear                     Hexes                        4
   c - Bolt of Fire                   Conjuration/Fire             6
   d - Dragon Form                    Transmutation                7
   e - Dragon's Call                  Summoning                    9
 T - the Tome of Fetching Transformation
   (You found it on level 5 of the Pits of Slime)

   Spells                             Type                      Level
   a - Beastly Appendage              Transmutation                1
   b - Ensorcelled Hibernation        Hexes/Ice                    2
   c - Sticks to Snakes               Transmutation                2
   d - Fulminant Prism                Conjuration/Hexes            4
   e - Yara's Violent Unravelling     Hexes/Transmutation          5
   f - Statue Form                    Transmutation/Earth          6
 W - a book of Party Tricks

   Spells                             Type                      Level
   a - Summon Butterflies             Summoning                    1
   b - Apportation                    Translocation                1
   c - Tukima's Dance                 Hexes                        3
   d - Alistair's Intoxication        Transmutation/Poison         5
   e - Invisibility                   Hexes                        6
Miscellaneous
 I - a phial of floods (inert)
Comestibles
 c - 4 bread rations
 j - 3 meat rations


   Skills:
 - Level 4.4 Fighting
 - Level 4.5 Dodging
 - Level 1.1 Stealth
 - Level 14.1 Unarmed Combat
 + Level 3.5 Spellcasting
   Level 0.6 Conjurations
 * Level 5.6 Transmutations
 - Level 2.1 Ice Magic
 * Level 3.3 Earth Magic


You had 3 spell levels left.
You knew the following spells:

 Your Spells              Type           Power        Failure   Level  Hunger
a - Freeze                Ice            #...         4%          1    None
b - Dragon Form           Tmut           ###.......   100%        7    #######
c - Statue Form           Tmut/Erth      ###......    99%         6    #######


Dungeon Overview and Level Annotations

Branches:
Dungeon (9/15)             Temple (1/1) D:4            Lair (6/6) D:9
  Swamp (0/4) Lair:2        Slime (5/5) Lair:5
  Snake: Lair:2-4    Spider: Lair:2-4       Orc: D:9-12

Altars:
Ashenzari
Cheibriados
Elyvilon
Fedhas
Kikubaaqudgha
Makhleb
Nemelex Xobeh
Qazlal
Sif Muna
Trog
Uskayaw
Xom
Yredelemnul
Jiyva

Shops:
D:8 !}[(?

Annotations:
Slime:2 Dissolution
Slime:5 Royal Jelly


Innate Abilities, Weirdness & Mutations

You are too large for most types of armour.
You have claws for hands.
Your metabolism is lightning-fast.
You like to eat raw meat.
Your natural rate of healing is unusually fast.
You are covered in fur. (AC +1)
You have very tough skin. (AC +2)
You are partially covered in molten scales. (AC +2)
You are partially covered in rough black scales. (AC +2, Dex -1)
You occasionally shout uncontrollably at your foes.
Your muscles are strong. (Str +2)
Your body has grown golden eyes which may confuse attackers. (Acc +3)
You have a small jelly attached to you that senses nearby items.


Message History

You feel a little less hungry.
Unknown command.
Unknown command.
Unknown command.
You hear a distant slurping noise.
Jiyva appreciates your sacrifice.
You feel a little less hungry.
You feel your power returning.
Unknown command.
Unknown command.
Unknown command.
You hear a distant slurping noise.
Jiyva appreciates your sacrifice.
Unknown command.
Unknown command.
The deep troll shaman bites you!!
* * * LOW HITPOINT WARNING * * *
The deep troll shaman claws you!
* * * LOW HITPOINT WARNING * * *
The deep troll shaman claws you!
You die...

#.,##....#,.8..8,∆*##..#*,,
#.##...###*,T.÷.,**#.P.#*,,
#.#......##....8,*##..##***
##...........8...###..## *
#..............###.P.##
##....###.....###.....#
#.......#######......##
###..##..P.♣.....÷..##
###*##..YT@......##
##....####### ######


You could see a dire elephant and a deep troll shaman.

Vanquished Creatures
  Gastronok (D:8)
  A death yak (Lair:6)
  2 elephants (Lair:6)
  2 black mambas (Lair:5)
  Joseph (D:8)
  Psyche (D:8)
  A spiny frog (Lair:6)
  A rime drake (Lair:6)
  4 blink frogs
  4 komodo dragons
  A minotaur zombie (Lab)
  A polar bear (Lair:6)
  Sigmund (D:3)
  A wyvern (D:8)
  A hog (Lair:6)
  7 yaks
  2 basilisks
  A vampire mosquito (Lair:2)
  7 hippogriffs
  Menkaure (D:4)
  3 insubstantial wisps (Lair:2)
  7 water moccasins
  4 porcupines
  3 orc warriors
  An ice beast (D:6)
  2 sky beasts
  A black bear (Lair:2)
  3 slaves (D:8)
  A phantom (D:8)
  A centaur (D:7)
  5 wolves (Lair:6)
  10 crocodiles
  6 giant frogs
  A scorpion (D:8)
  5 wights (D:6)
  A crimson imp (D:6)
  A centaur zombie (D:7)
  An orc priest (D:6)
  2 centaur skeletons
  5 worker ants
  5 iguanas
  A hound zombie (D:7)
  A hound skeleton (D:6)
  Robin (D:2)
  3 gnolls (D:7)
  8 river rats
  6 adders
  A shadow imp (D:6)
  An adder zombie (D:3)
  2 giant geckos
  22 orcs
  8 bats
  4 giant cockroaches
  8 goblins
  10 hobgoblins
  A kobold (D:1)
  2 quokkas
  2 giant newts
  8 rats
  A plant (Lair:6)
199 creatures vanquished.

Vanquished Creatures (collateral kills)
  A rime drake (Lair:2)
  A blink frog (Lair:2)
2 creatures vanquished.

Vanquished Creatures (others)
  2 acid blobs
  An azure jelly (Lair:4)
  A great orb of eyes (Slime:5)
  A hydra (Lair:4)
  6 death yaks
  A two-headed ogre (D:8)
  4 slime creatures
  6 hogs (Lair:6)
  A water moccasin (Lair:6)
  A slave (D:8)
  An eye of draining (Slime:5)
  2 ogres
  A phantom (D:4)
  A crocodile (Lair:2)
  14 jellies
  3 crimson imps (D:8)
  A hound (D:8)
  A giant frog skeleton (D:4)
  A worker ant (D:4)
  3 adders
  A gnoll (D:7)
  An adder skeleton (D:8)
  A giant gecko (D:5)
  An orc (D:6)
  2 bats (D:9)
  3 hobgoblins
  A quokka (D:9)
  2 giant newts
  4 rats
  2 fungi
  4 plants
74 creatures vanquished.

Grand Total: 275 creatures vanquished

Notes
Turn   | Place    | Note
-------+----------+-------------------------------------------
     0 | D:1      | 4thArraOfDagon the Troll Ice Elementalist began the quest for the Orb.
     0 | D:1      | Reached XP level 1. HP: 16/16 MP: 1/1
    50 | D:1      | Reached skill level 1 in Unarmed Combat
   166 | D:3      | Reached XP level 2. HP: 22/24 MP: 2/2
   171 | D:3      | Noticed Sigmund
   215 | D:4      | Found a staircase to the Ecumenical Temple.
   223 | D:4      | Reached skill level 2 in Unarmed Combat
   233 | Temple   | Entered the Ecumenical Temple
   234 | Temple   | o wow
   250 | Temple   | Became a worshipper of Jiyva Jocwut the Shapeless
   348 | D:4      | Noticed Menkaure
   370 | D:4      | Reached XP level 3. HP: 16/31 MP: 3/3
   404 | D:4      | Killed Menkaure
   404 | D:4      | Reached skill level 4 in Unarmed Combat
   404 | D:4      | Reached XP level 4. HP: 29/39 MP: 4/4
   404 | D:4      | Reached XP level 5. HP: 34/45 MP: 5/5
   450 | D:4      | Found an ancient bone altar of Kikubaaqudgha.
   450 | D:4      | Found a blossoming altar of Fedhas.
   476 | D:3      | Killed Sigmund
   476 | D:3      | Reached skill level 6 in Unarmed Combat
   476 | D:3      | Reached XP level 6. HP: 38/53 MP: 6/6
   529 | D:3      | Reached * piety under Jiyva
   614 | D:2      | Noticed Robin
   621 | D:2      | Killed Robin
   706 | D:2      | Reached ** piety under Jiyva
   898 | D:5      | Entered Level 5 of the Dungeon
   969 | D:3      | Reached *** piety under Jiyva
  1006 | D:4      | Gained mutation: You evolve. [Jiyva's grace]
  1206 | D:5      | Found a sparkling altar of Nemelex Xobeh.
  1206 | D:5      | Found a deep blue altar of Sif Muna.
  1277 | D:6      | Reached skill level 7 in Unarmed Combat
  1288 | D:6      | Reached **** piety under Jiyva
  1312 | D:6      | Noticed a sky beast
  1315 | D:6      | Killed a sky beast
  1315 | D:6      | Reached XP level 7. HP: 49/59 MP: 7/7
  1321 | D:6      | Gained mutation: You are robust. (+10% HP) [mutagenic meat]
  1374 | D:6      | Reached skill level 8 in Unarmed Combat
  1389 | D:6      | Gained mutation: Your body has grown golden eyes which may confuse attackers. (Acc +3) [Jiyva's grace]
  1475 | D:6      | Reached skill level 9 in Unarmed Combat
  1477 | D:6      | Gained mutation: Your spells are a little harder to cast, but a little more powerful. [evolution]
  1478 | D:6      | Gained mutation: Your flesh is cold resistant. (rC+) [Jiyva's grace]
  1480 | D:6      | Reached ***** piety under Jiyva
  1517 | D:6      | Reached XP level 8. HP: 58/73 MP: 8/8
  1666 | D:7      | Reached skill level 10 in Unarmed Combat
  1705 | D:7      | Gained mutation: Your body has grown many golden eyes which may confuse attackers. (Acc +5) [Jiyva's grace]
  1811 | D:7      | Reached skill level 11 in Unarmed Combat
  1818 | D:7      | Lost mutation: You evolve. [Jiyva's grace]
  1818 | D:7      | Gained mutation: You are somewhat resistant to further mutation. [Jiyva's grace]
  1852 | D:7      | Reached ****** piety under Jiyva
  1924 | D:8      | Found Baakhlesu's Antique Weapon Emporium.
  1932 | D:8      | Lost mutation: Your body has grown many golden eyes which may confuse attackers. (Acc +5) [Jiyva's grace]
  1933 | D:8      | Found Jynafuig's Magic Scroll Emporium.
  1938 | D:8      | Noticed Pikel
  1945 | D:8      | Slimified Pikel
  1945 | D:8      | Noticed Pikel
  1945 | D:8      | Pikel changed into Pikel the slime creature
  1980 | D:8      | Noticed Joseph
  1982 | D:8      | Bought a scroll of identify for 24 gold pieces
  1982 | D:8      | Bought a scroll of magic mapping for 42 gold pieces
  1982 | D:8      | Bought a scroll of magic mapping for 42 gold pieces
  1982 | D:8      | Bought a scroll of teleportation for 36 gold pieces
  1982 | D:8      | Bought a scroll of fog for 24 gold pieces
  1992 | D:8      | Killed Joseph
  1992 | D:8      | Reached XP level 9. HP: 56/81 MP: 9/9
  2032 | D:8      | Gained mutation: Your muscles are strong. (Str +2) [Jiyva's grace]
  2055 | D:8      | Found Wauxi's Antique Armour Shop.
  2072 | D:8      | Noticed Psyche
  2077 | D:8      | Killed Psyche
  2077 | D:8      | Reached skill level 12 in Unarmed Combat
  2078 | D:8      | Found Temoidif's Gadget Boutique.
  2082 | D:8      | Found Sazofyt's Distillery.
  2106 | D:8      | Noticed Gastronok
  2125 | D:8      | Killed Gastronok
  2125 | D:8      | Reached skill level 13 in Unarmed Combat
  2125 | D:8      | Reached XP level 10. HP: 25/89 MP: 10/10
  2198 | D:8      | Found a basalt altar of Yredelemnul.
  2350 | D:9      | Lost mutation: Your flesh is cold resistant. (rC+) [Jiyva's grace]
  2379 | D:9      | Lost mutation: You are somewhat resistant to further mutation. [Jiyva's grace]
  2396 | D:9      | Found a staircase to the Lair.
  2402 | D:9      | Reached skill level 1 in Fighting
  2402 | D:9      | Reached skill level 14 in Unarmed Combat
  2438 | Lair:1   | Entered Level 1 of the Lair of Beasts
  2537 | Lair:2   | Found a labyrinth entrance.
  2553 | Lab      | Entered a labyrinth
  2695 | Lab      | Noticed a minotaur
  2698 | Lab      | Slimified a minotaur
  2698 | Lab      | Noticed an azure jelly
  2698 | Lab      | a minotaur changed into an azure jelly
  2700 | Lab      | Got a slimy ivory ring
  2735 | Lab      | Lost mutation: You are robust. (+10% HP) [Jiyva's grace]
  2755 | Lair:2   | Learned a level 7 spell: Dragon Form
  2759 | Lair:2   | Identified the ring "Xorol Duaxzu" {*Tele +Inv Slay+4} (You found it in a labyrinth)
  2811 | Lair:1   | Noticed a spiny frog
  2814 | Lair:1   | Reached skill level 1 in Transmutations
  2817 | Lair:1   | Slimified a spiny frog
  2817 | Lair:1   | a spiny frog changed into a slime creature
  2857 | Lair:1   | Got a pitted falchion
  2878 | Lair:1   | Identified the cursed +1 falchion of an ice cave {vamp, *Corrode rC++ MR+} (You found it on level 1 of the Lair of Beasts)
  2970 | Lair:1   | Gained mutation: You occasionally shout uncontrollably at your foes. [Jiyva's grace]
  3189 | Lair:2   | Noticed a spiny frog
  3213 | Lair:2   | Slimified a spiny frog
  3213 | Lair:2   | a spiny frog changed into a slime creature
  3302 | Lair:2   | Reached XP level 11. HP: 47/97 MP: 7/13
  3538 | Lair:4   | Noticed a death yak
  3539 | Lair:4   | Noticed a death yak
  3552 | Lair:4   | Slimified a death yak
  3552 | Lair:4   | Noticed an azure jelly
  3552 | Lair:4   | a death yak changed into an azure jelly
  3554 | Lair:4   | Noticed a death yak
  3554 | Lair:4   | Noticed a death yak
  3554 | Lair:4   | Noticed a death yak
  3557 | Lair:4   | Noticed a death yak
  3561 | Lair:4   | Slimified a death yak
  3561 | Lair:4   | Noticed an azure jelly
  3561 | Lair:4   | a death yak changed into an azure jelly
  3562 | Lair:4   | Killed a death yak
  3563 | Lair:4   | Killed a death yak
  3565 | Lair:4   | Killed an azure jelly
  3567 | Lair:4   | Killed a death yak
  3569 | Lair:4   | Killed a death yak
  3571 | Lair:4   | Gained mutation: You are somewhat resistant to further mutation. [Jiyva's grace]
  3629 | Lair:4   | Noticed a five-headed hydra
  3647 | Lair:4   | Killed a five-headed hydra
  3658 | Lair:4   | Lost mutation: Your spells are a little harder to cast, but a little more powerful. [Jiyva's grace]
  3758 | Lair:5   | Noticed a four-headed hydra
  3761 | Lair:5   | Slimified a four-headed hydra
  3761 | Lair:5   | Noticed an acid blob
  3761 | Lair:5   | a four-headed hydra changed into an acid blob
  3819 | Lair:6   | Entered Level 6 of the Lair of Beasts
  3971 | Lair:5   | Found a viscous altar of Jiyva.
  3972 | Lair:5   | Found a staircase to the Slime Pits.
  3978 | Slime:1  | Entered Level 1 of the Pits of Slime
  3995 | Slime:1  | Noticed an acid blob
  4003 | Slime:2  | Noticed an acid blob
  4005 | Slime:2  | Noticed an azure jelly
  4009 | Slime:2  | Noticed Dissolution
  4011 | Slime:3  | Noticed an acid blob
  4021 | Slime:5  | Entered Level 5 of the Pits of Slime
  4021 | Slime:5  | Noticed a great orb of eyes
  4021 | Slime:5  | Noticed an acid blob
  4033 | Slime:5  | Noticed an acid blob
  4033 | Slime:5  | Noticed an acid blob
  4034 | Slime:5  | Noticed an azure jelly
  4038 | Slime:5  | Noticed an acid blob
  4038 | Slime:5  | Noticed a shining eye
  4041 | Slime:5  | Noticed an azure jelly
  4042 | Slime:5  | Noticed an acid blob
  4042 | Slime:5  | Lost mutation: You are somewhat resistant to further mutation. [Jiyva's grace]
  4044 | Slime:5  | Found a viscous altar of Jiyva.
  4046 | Slime:5  | Noticed the Royal Jelly
  4046 | Slime:5  | Noticed an acid blob
  4046 | Slime:5  | Noticed an acid blob
  4049 | Slime:5  | Identified the Tome of Fetching Transformation
  4049 | Slime:5  | Noticed a great orb of eyes
  4051 | Slime:5  | Gained mutation: You are dopey. (Int -2) [Jiyva's grace]
  4055 | Slime:5  | Noticed a shining eye
  4055 | Slime:5  | Noticed a great orb of eyes
  4056 | Slime:5  | Killed an acid blob
  4059 | Slime:5  | Gained mutation: You are partially covered in rough black scales. (AC +2, Dex -1) [Jiyva's grace]
  4061 | Slime:5  | Noticed a great orb of eyes
  4062 | Slime:5  | Got a flickering silver ring
  4063 | Slime:5  | Noticed an acid blob
  4068 | Slime:5  | Noticed an azure jelly
  4069 | Slime:5  | Got a wavering ivory ring
  4092 | Slime:5  | Gained mutation: You have a small jelly attached to you that senses nearby items. [Jiyva's grace]
  4096 | Slime:5  | Got a slimy rune of Zot
  4113 | Slime:5  | Learned a level 6 spell: Statue Form
  4116 | Slime:5  | Killed a great orb of eyes
  4117 | Slime:5  | Identified the ring "Dylotaeg" {Fire +Inv rElec MR+ Int-4} (You found it on level 5 of the Pits of Slime)
  4119 | Slime:5  | Identified a ring "Nenwoof" {Wiz Slay+3 Stlth+} (You found it on level 5 of the Pits of Slime)
  4160 | Slime:2  | Noticed an azure jelly
  4227 | Lair:6   | Noticed Kirke
  4239 | Lair:6   | Slimified Kirke
  4239 | Lair:6   | Noticed Kirke
  4239 | Lair:6   | Kirke changed into Kirke the acid blob
  4239 | Lair:6   | Reached skill level 1 in Earth Magic
  4254 | Lair:6   | Reached skill level 5 in Transmutations
  4328 | Lair:6   | Lost mutation: You are dopey. (Int -2) [Jiyva's grace]
  4440 | Lair:6   | Noticed a death yak
  4440 | Lair:6   | Noticed a death yak
  4440 | Lair:6   | Noticed a death yak
  4440 | Lair:6   | Noticed a death yak
  4440 | Lair:6   | Noticed a catoblepas
  4447 | Lair:6   | Slimified a catoblepas
  4447 | Lair:6   | Noticed an acid blob
  4447 | Lair:6   | a catoblepas changed into an acid blob
  4456 | Lair:6   | Killed a death yak
  4457 | Lair:6   | Killed an acid blob
  4460 | Lair:6   | Slimified a death yak
  4460 | Lair:6   | Noticed an azure jelly
  4460 | Lair:6   | a death yak changed into an azure jelly
  4461 | Lair:6   | Killed a death yak
  4464 | Lair:6   | Killed a death yak
  4467 | Lair:6   | Noticed a dire elephant
  4474 | Lair:6   | Gained mutation: You are partially covered in molten scales. (AC +2) [Jiyva's grace]
  4476 | Lair:6   | Noticed a deep troll shaman
  4493 | Lair:6   | Slain by a deep troll shaman

Vault maps used:
D:1:      lightli_arrival_windingriver, kennysheep_crisscross,
          minmay_tromino_v4_c
D:2:      zin_treasury, uniq_robin, uniq_terence
D:3:      overflow_temple_1_default, nicolae_ru_the_path_less_chosen,
          uniq_sigmund
D:4:      kennysheep_six_static_rooms, grunt_temple_overflow_growth_and_decay,
          first_bread, uniq_menkaure
D:5:      gammafunk_temple_overflow_statue, gammafunk_temple_overflow_wave
D:7:      grunt_ogre_cave
D:8:      kennysheep_little_box, serial_shops, shop, shop, shop,
          nicolae_shop_competitors_out_of_business, shop, uniq_psyche,
          uniq_joseph, uniq_pikel, uniq_gastronok
D:9:      grunt_lair_entry_orc_guard_hut, minmay_misc_feat_four_crosses
Temple:   pf_slimified_temple
Lair:2:   minmay_swamp_entry_swarm, lab_entry_generic, columned_hall_lemuel,
          nicolae_quartered_pool_medium, pond, grunt_megastairs_4
Lair:3:   guppyfry_snake_entry_garden
Lair:5:   dpeg_slime_entry_enclosed_altar, st_stairs_8, serial_bayou_pond_a
Lair:6:   grunt_lair_end_beastmaster, minivault_23, uniq_kirke
Slime:1:  nicolae_slime_phagocytosis
Slime:2:  uniq_dissolution
Lab:      labyrinth_hidden_loot, nicolae_lab_x, nicolae_lab_garden,
          nicolae_lab_diamond, nicolae_lab_grate_2, nicolae_lab_swirl

Skill      XL: |  1  2  3  4  5  6  7  8  9 10 11 |
---------------+----------------------------------+-----
Unarmed Combat | 1 2 4 6 7 9 11 13 14 | 14.1
Fighting       | 3 4 |  4.4
Dodging        | 3 4 |  4.5
Transmutations | 3 5 |  5.6
Spellcasting   | 2 3 |  3.5
Earth Magic    | 3 |  3.3
Stealth        | |  1.1
Conjurations   | |  0.6
Ice Magic      | |  2.1

Action                   |  1- 3 |  4- 6 |  7- 9 | 10-12 || total
-------------------------+-------+-------+-------+-------++-------
Melee: Unarmed           |    50 |    92 |   183 |   340 ||   665
       Punch             |       |     1 |     6 |    20 ||    27
Invok: Request Jelly     |       |     3 |     3 |     4 ||    10
       Slimify           |       |       |     1 |    18 ||    19
       Jelly Paralyse    |       |       |       |     5 ||     5
Evoke: Wand              |       |       |       |     2 ||     2
       Phial of floods   |       |       |       |     1 ||     1
  Use: Potion            |     1 |     1 |       |     2 ||     4
       Scroll            |       |       |       |     6 ||     6
 Stab: Sleeping          |     1 |     1 |       |       ||     2
       Distracted        |       |       |     1 |       ||     1
       Confused          |       |       |     3 |     4 ||     7
       Petrified         |       |       |       |     3 ||     3
       Petrifying        |       |       |       |     1 ||     1
  Eat: Chunk             |     7 |     4 |     2 |     3 ||    16
Armor: Robe              |    12 |    19 |    31 |    72 ||   134
       Skin              |     2 |     2 |       |       ||     4
Dodge: Dodged            |    28 |    39 |    76 |   113 ||   256
